 Dungeon Crawl Stone Soup version 0.19.0-2-gae57169 (webtiles) character file.

15339 Letos the Carver (level 12, 0/91 HPs)
             Began as a Formicid Gladiator on Nov 3, 2016.
             Was a High Priest of Zin.
             Shot with an arrow by Nessos (3 damage)
             ... on level 12 of the Dungeon.
             The game lasted 00:37:09 (15410 turns).

Letos the Carver (Formicid Gladiator)              Turns: 15410, Time: 00:37:10

Health: 0/91       AC: 22    Str: 23    XL:     12   Next: 56%
Magic:  0/18       EV:  8    Int: 11    God:    Zin [*****.]
Gold:   359        SH:  6    Dex: 16    Spells: 1 memorised, 10 levels left

rFire  . . .     SeeInvis +     a - +1 long sword
rCold  + . .     Gourm    .     v - +2 plate armour
rNeg   . . .     Faith    .     d - +0 buckler
rPois  ∞         Spirit   +     (helmet unavailable)
rElec  .         Reflect  .     (no cloak)
rCorr  .         Harm     .     (no gloves)
MR     +....                    F - +2 pair of boots {run}
Stlth  ..........               p - amulet of guardian spirit
                                D - ring of protection from cold
                                O - +4 ring of protection

@: vitalised, quick
A: permanent stasis, dig shafts and tunnels, four strong arms, antennae 3
a: Dig, Shaft Self, Recite, Vitalisation, Imprison, Sanctuary, Donate Gold,
Renounce Religion


You were on level 12 of the Dungeon.
You worshipped Zin.
Zin was extremely pleased with you.
You were hungry.

You visited 3 branches of the dungeon, and saw 14 of its levels.
You also visited: Ossuary.

You collected 760 gold pieces.
You spent 325 gold pieces at shops.
You donated 76 gold pieces to Zin.

Inventory:

Hand Weapons
 a - a +1 long sword (weapon)
 s - a +1 great sword
Missiles
 c - 3 throwing nets (quivered)
 G - 8 tomahawks
Armour
 d - a +0 buckler (worn)
 v - a +2 plate armour (worn)
 F - a +2 pair of boots of running (worn)
Jewellery
 p - an amulet of guardian spirit (around neck)
 t - an uncursed ring of flight
 D - a ring of protection from cold (right hand)
 O - a +4 ring of protection (left hand)
Wands
 k - a wand of iceblast (1/15)
 x - a wand of flame (39/48)
Scrolls
 e - 6 scrolls of fog
 f - 8 scrolls of remove curse
 h - a scroll of identify
 i - 2 scrolls of amnesia
 M - a scroll of magic mapping
Potions
 m - a potion of curing
 q - 2 potions of resistance
Comestibles
 b - 5 fruits
 l - 4 bread rations
 N - 2 meat rations


   Skills:
 + Level 7.3 Fighting
 * Level 13.9 Long Blades
 - Level 2.0 Throwing
 - Level 7.0 Armour
 - Level 2.6 Dodging
 - Level 9.0 Shields
 + Level 8.2 Invocations


You had 10 spell levels left.
You knew the following spells:

 Your Spells              Type           Power        Failure   Level  Hunger
a - Apportation           Tloc           #.........   100%        1    ##.....


Dungeon Overview and Level Annotations

Branches:
Dungeon (12/15)            Temple (1/1) D:4            Lair (1/6) D:11
    Orc (0/2) D:9

Altars:
Ashenzari
Cheibriados
Dithmenos
Elyvilon
Fedhas
Gozag
Hepliaklqana
Kikubaaqudgha
Makhleb
Nemelex Xobeh
Okawaru
Qazlal
Ru
Sif Muna
Trog
Uskayaw
Vehumet
Xom
Yredelemnul
Zin
The Shining One
Lugonu

Shops:
D:7 *   D:12 *

Annotations:
D:12 Nessos, Snorg


Innate Abilities, Weirdness & Mutations

You are under a permanent stasis effect.
You can dig through walls and to a lower floor.
Your four strong arms can wield two-handed weapons with a shield.
You have a pair of large antennae on your head. (SInv)


Message History

Nessos unwields an uncursed longbow of flaming.
It stops flaming.
You block Nessos's attack.
There is an open door here.
Your plate armour prevents you from hitting Nessos.
Nessos is almost dead.
Nessos gestures wildly while chanting.
Nessos stands on his hind legs for a moment.
Nessos blinks!
Nessos casts a spell.
Nessos gestures wildly while chanting.
Nessos casts a spell.
Nessos blinks!
Nessos mumbles some strange words.
Nessos wields an uncursed longbow of flaming.
It bursts into flame!
Nessos shoots an arrow.
The arrow hits you! Zin protects you from harm! The arrow burns you.
Your divine stamina protects you from poison!
* * * LOW HITPOINT WARNING * * *
Nessos shoots an arrow.
The arrow hits you.
You die...

...........)...≈≈≈..∩..≈≈≈.<
...............≈≈≈♣.>.♣≈≈≈#+
.........######≈≈≈≈.♣♣≈≈≈≈#
.#######.#.....≈≈≈≈≈≈≈≈≈≈≈#
#.#.....≈≈≈≈≈≈≈≈≈≈≈#
####.#.....#≈≈≈≈≈≈≈≈≈.#
#.#(.#.....#.#o...#.(.#
##)#.###'###.#....#...#
#####....@....#'####
......................
...............##########
#########......#........#
#......#(.((..c.#
#....)T#.(..(...#
#......§.(T(c...#
#...c.(##'#(#####
#......((....T.....


You could see Snorg and Nessos.

Vanquished Creatures
  Erolcha (D:11)
  2 centaur warriors (D:12)
  The ghost of Letos the Carver, a novice FoGl of Zin (D:9)
  Sonja (D:12)
  2 cyclopes (D:12)
  Joseph (D:8)
  2 gargoyles
  The ghost of SaltIsReal the Carver, a novice HEGl (D:5)
  A komodo dragon (D:12)
  2 trolls
  2 hippogriffs
  A wyvern (D:12)
  19 yaks
  A steam dragon (D:11)
  2 hungry ghosts
  An ice beast (D:10)
  3 sky beasts
  3 orc warriors
  2 black bears
  6 ogres
  A phantom (D:7)
  8 centaurs
  A crocodile (Lair:1)
  A big kobold (D:7)
  7 bullfrogs
  A water moccasin zombie (D:8)
  A gnoll sergeant (D:7)
  A wyvern skeleton (D:9)
  4 scorpions
  7 killer bees
  6 wights
  2 howler monkeys
  The ghost of KingmakerN the Caller, a weakling DESu (D:3)
  6 crimson imps
  3 bullfrog zombies
  A quasit (D:11)
  5 hounds
  3 human zombies
  10 orc wizards
  3 orc priests
  2 human skeletons (D:6)
  4 jellies
  3 bullfrog skeletons
  2 iguanas
  2 centaur skeletons
  6 worker ants
  A killer bee zombie (D:10)
  2 big kobold zombies (Ossuary)
  2 hound zombies
  2 hound skeletons
  4 mummies (Ossuary)
  A howler monkey zombie (D:5)
  3 worker ant zombies
  6 gnolls (D:7)
  12 adders
  4 shadow imps
  An ooze (D:4)
  3 adder zombies
  4 adder skeletons
  A worm (D:3)
  4 dart slugs
  7 leopard geckos
  42 orcs
  4 giant cockroaches
  A gnoll zombie (Ossuary)
  7 goblins
  7 hobgoblins
  18 jackals
  9 quokkas
  3 ball pythons
  10 bats
  10 frilled lizards
  A goblin zombie (Ossuary)
  A jackal skeleton (D:8)
  2 jackal zombies (Ossuary)
  13 kobolds
  3 orc zombies
  A quokka skeleton (D:8)
  A quokka zombie (D:8)
  2 rats (D:1)
  A butterfly (D:7)
338 creatures vanquished.

Vanquished Creatures (others)
  A hobgoblin zombie (Ossuary)
  2 plants (D:3)
3 creatures vanquished.

Grand Total: 341 creatures vanquished

Notes
Turn   | Place    | Note
-------+----------+-------------------------------------------
     0 | D:1      | Letos the Formicid Gladiator began the quest for the Orb.
     0 | D:1      | Reached XP level 1. HP: 16/16 MP: 1/1
   198 | D:1      | Reached XP level 2. HP: 22/22 MP: 2/2
   384 | D:1      | Reached skill level 1 in Armour
   495 | D:1      | Reached XP level 3. HP: 19/28 MP: 3/3
  1150 | D:2      | Found a faded altar of an unknown god.
  1391 | D:2      | Reached skill level 4 in Long Blades
  1391 | D:2      | Reached XP level 4. HP: 25/35 MP: 4/4
  1585 | D:2      | Found an iron altar of Okawaru.
  1943 | D:2      | Found an iron altar of Okawaru.
  1944 | D:2      | Found an ancient bone altar of Kikubaaqudgha.
  2036 | D:3      | Noticed KingmakerN's ghost (weakling DESu)
  2286 | D:3      | Reached XP level 5. HP: 41/41 MP: 5/5
  2330 | D:3      | Killed KingmakerN's ghost
  2429 | D:3      | Reached skill level 5 in Long Blades
  2504 | D:3      | Found a blossoming altar of Fedhas.
  2543 | D:3      | Found a glowing golden altar of the Shining One.
  3018 | D:3      | Found a snail-covered altar of Cheibriados.
  3042 | D:3      | Reached XP level 6. HP: 35/48 MP: 6/6
  3493 | D:4      | Found a staircase to the Ecumenical Temple.
  3532 | Temple   | Entered the Ecumenical Temple
  3555 | Temple   | Became a worshipper of Zin the Law-Giver
  3555 | Temple   | Reached * piety under Zin
  3731 | D:4      | Reached skill level 6 in Long Blades
  3914 | D:4      | Noticed an ogre
  3923 | D:4      | Killed an ogre
  3923 | D:4      | Reached skill level 1 in Invocations
  3923 | D:4      | Reached XP level 7. HP: 9/55 MP: 1/8
  4211 | D:4      | Reached ** piety under Zin
  4471 | D:5      | Entered Level 5 of the Dungeon
  4471 | D:5      | Noticed SaltIsReal's ghost (novice HEGl)
  4492 | D:5      | Killed SaltIsReal's ghost
  4492 | D:5      | Reached skill level 5 in Fighting
  4727 | D:5      | Learned a level 1 spell: Apportation
  4747 | D:5      | Reached skill level 7 in Long Blades
  4747 | D:5      | Reached XP level 8. HP: 21/62 MP: 2/10
  5134 | D:5      | Found a white marble altar of Elyvilon.
  5208 | D:5      | Found a deep blue altar of Sif Muna.
  5511 | D:6      | Found a sacrificial altar of Ru.
  5632 | D:6      | Reached *** piety under Zin
  5890 | D:6      | Found a sparkling altar of Nemelex Xobeh.
  6056 | D:6      | Reached skill level 8 in Long Blades
  6086 | D:6      | Found a sand-covered staircase.
  6103 | Ossuary  | Entered an ossuary
  6389 | Ossuary  | Reached **** piety under Zin
  6624 | D:6      | Reached XP level 9. HP: 66/69 MP: 10/12
  6847 | D:6      | Reached skill level 5 in Invocations
  7224 | D:7      | Reached ***** piety under Zin
  7286 | D:7      | Reached skill level 9 in Long Blades
  7312 | D:7      | Found a shadowy altar of Dithmenos.
  7312 | D:7      | Found a sacrificial altar of Ru.
  7408 | D:7      | Found a sacrificial altar of Ru.
  7790 | D:7      | Found Kofu Hai's Assorted Antiques.
  7805 | D:7      | Bought a pair of runed boots for 325 gold pieces
  7815 | D:7      | Identified a +0 pair of boots of running (You bought it in a shop on level 7 of the Dungeon)
  7865 | D:7      | Found a hazy altar of Hepliaklqana.
  7968 | D:7      | Reached skill level 1 in Shields
  8236 | D:7      | Found a shimmering altar of Xom.
  8453 | D:7      | Found a white marble altar of Elyvilon.
  8453 | D:7      | Found a shattered altar of Ashenzari.
  8636 | D:8      | Reached skill level 10 in Long Blades
  8636 | D:8      | Reached XP level 10. HP: 79/79 MP: 15/15
  9115 | D:8      | Noticed Joseph
  9141 | D:8      | Killed Joseph
  9714 | D:9      | Found a stormy altar of Qazlal.
  9726 | D:9      | Found a staircase to the Orcish Mines.
  9876 | D:9      | Reached skill level 11 in Long Blades
  9876 | D:9      | Reached skill level 5 in Shields
  9969 | D:9      | Got a bloodstained mace
 10294 | D:9      | Noticed Letos's ghost (novice FoGl)
 10730 | D:9      | Killed Letos's ghost
 10988 | D:10     | Entered Level 10 of the Dungeon
 11005 | D:10     | Reached XP level 11. HP: 74/84 MP: 15/17
 11612 | D:10     | Reached skill level 12 in Long Blades
 12217 | D:11     | Found a staircase to the Lair.
 12259 | D:11     | Noticed Erolcha
 12277 | D:11     | Killed Erolcha
 12525 | D:11     | Reached skill level 5 in Armour
 13430 | Lair:1   | Entered Level 1 of the Lair of Beasts
 13697 | D:11     | Reached skill level 13 in Long Blades
 13831 | D:11     | Reached XP level 12. HP: 90/91 MP: 18/18
 14018 | D:12     | Noticed a centaur warrior
 14049 | D:12     | Killed a centaur warrior
 14411 | D:12     | Noticed Sonja
 14447 | D:12     | Killed Sonja
 14999 | D:12     | Found Souto's Island Escapes.
 15216 | D:12     | Noticed a centaur warrior
 15233 | D:12     | Killed a centaur warrior
 15361 | D:12     | Noticed Nessos
 15397 | D:12     | HP: 4/91 [Nessos/arrow (4)]
 15400 | D:12     | Noticed Snorg
 15409 | D:12     | Zin protects you from harm!
 15409 | D:12     | HP: 3/91 [Nessos/arrow (5)]
 15410 | D:12     | Shot with an arrow by Nessos

Skill      XL: |  1  2  3  4  5  6  7  8  9 10 11 12 |
---------------+-------------------------------------+-----
Armour         | 1 2 5 7 |  7.0
Fighting       | 3 4 5 6 7 |  7.3
Long Blades    | 4 5 6 7 8 10 11 13 | 13.9
Invocations    | 1 3 4 6 8 |  8.2
Shields        | 2 5 8 9 |  9.0
Throwing       | |  2.0
Dodging        | |  2.6

Action                   |  1- 3 |  4- 6 |  7- 9 | 10-12 || total
-------------------------+-------+-------+-------+-------++-------
Melee: Long sword        |   109 |   198 |   565 |   943 ||  1815
Throw: Throwing net      |     2 |       |       |     1 ||     3
Invok: Vitalisation      |       |       |    11 |    20 ||    31
       Recite            |       |       |     1 |     3 ||     4
       Imprison          |       |       |       |     1 ||     1
 Abil: Dig               |     1 |     5 |    15 |    13 ||    34
       Evoke Flight      |       |       |       |     1 ||     1
  Use: Scroll            |       |     4 |    11 |    16 ||    31
       Potion            |       |     2 |     3 |     8 ||    13
 Stab: Held in net/web   |     1 |       |       |     1 ||     2
       Paralysed         |       |       |     1 |       ||     1
       Confused          |       |       |       |     3 ||     3
  Eat: Chunk             |     2 |     5 |     9 |    18 ||    34
       Bread ration      |       |     1 |     2 |     1 ||     4
       Beef jerky        |       |       |     1 |     1 ||     2
       Fruit             |       |       |     4 |       ||     4
Armor: Leather armour    |     8 |       |       |       ||     8
       Chain mail        |    42 |    46 |       |       ||    88
       Plate armour      |       |    94 |   306 |   426 ||   826
Dodge: Dodged            |    74 |    86 |   195 |   226 ||   581
Block: Buckler           |       |       |    26 |   195 ||   221
       Rpst.: Long sword |    21 |    34 |    64 |    50 ||   169
